 Dungeon Crawl Stone Soup version 0.25.1-2-g60ff931df9 (webtiles) character file.

Game seed: 11215741245202158360

54 lepoulpe303 the Magician (level 3, -3/19 HPs)
             Began as a Deep Elf Fire Elementalist on Sept 14, 2020.
             Slain by a howler monkey (4 damage)
             ... on level 2 of the Dungeon.
             The game lasted 00:06:20 (1661 turns).

lepoulpe303 the Magician (DEFE)                     Turns: 1661, Time: 00:06:21

Health: -3/19      AC:  2    Str:  5    XL:     3   Next: 66%
Magic:  7/10       EV: 13    Int: 20    God:
Gold:   39         SH:  0    Dex: 15    Spells: 5/9 levels left

rFire    . . .     SeeInvis .   b - +5 dagger (pain)
rCold    . . .     Gourm    .   (no shield)
rNeg     . . .     Faith    .   a - +0 robe
rPois    .         Spirit   .   (no helmet)
rElec    .         Reflect  .   (no cloak)
rCorr    .         Harm     .   (no gloves)
MR       .....                  (no boots)
Stlth    ++........             (no amulet)
HPRegen  0.06/turn              (no ring)
MPRegen  0.12/turn              (no ring)

@: no status effects
A: no striking features
a: no special abilities


You were on level 2 of the Dungeon.
You were not hungry.

You visited 1 branch of the dungeon, and saw 2 of its levels.

You collected 39 gold pieces.

Inventory:

Hand Weapons
 b - a +5 dagger of pain (weapon)
Armour
 a - a +0 robe (worn)
Jewellery
 g - a +6 ring of strength {unknown}
Potions
 c - a potion of magic {unknown}
 d - 2 potions of curing {unknown}
 h - a potion of stabbing {unknown}
 i - a potion of brilliance {unknown}
Comestibles
 e - a ration


   Skills:
 + Level 0.1 Short Blades
 + Level 2.8 Dodging
 + Level 2.8 Stealth
 * Level 3.9 Spellcasting
 * Level 2.3 Conjurations
 * Level 3.7 Fire Magic


You had 5 spell levels left.
You knew the following spells:

 Your Spells              Type           Power        Failure   Level  Hunger
a - Foxfire               Conj/Fire      ###.         3%          1    None
c - Conjure Flame         Conj/Fire      ###.....     12%         3    ###....

Your spell library contained the following spells:

 Spells                   Type           Power        Failure   Level  Hunger
 Inner Flame              Hex/Fire       ##......     19%         3    ###....
 Sticky Flame             Conj/Fire      ###.....     36%         4    ####...
 Fireball                 Conj/Fire      ###.......   71%         5    ######.


Dungeon Overview and Level Annotations

Branches:
Dungeon (2/15)

Altars:


Message History

You take 6 damage, and have 10/19 hp.
MASSIVE DAMAGE!!
You hit the howler monkey. The howler monkey barely misses you.
You barely miss the howler monkey. The howler monkey hits you.
* * * LOW HITPOINT WARNING * * *
You take 2 damage, and have 8/19 hp.
You closely miss the howler monkey. The howler monkey hits you!
* * * LOW HITPOINT WARNING * * *
You take 7 damage, and have 1/19 hp.
MASSIVE DAMAGE!!
The howler monkey hoots and howls with incredible vigour!
You hear an angry hiss. x2
Found a stone staircase leading up.
The howler monkey barely misses you.
The howler monkey hoots and howls with incredible vigour!
A giant cockroach comes into view.
You hear an angry hiss.
Found a stone staircase leading down.
The howler monkey hits you.
You die...

##.. #..# ##..
##..###..######...
##?..<......##=†..#
#####......[..........#
.........†........#.###
..##.........>........
#...............##!.
#..h....s....... .#
#..@............ #
##............#.
#<...........
#.######### .. ..# ##>
##


You could see a howler monkey (catching breath) and a giant cockroach.

Levels and vault maps discovered:
D:1:      shiori_arrival_elements, layout_basic
D:2:      layout_rooms, chequers_ecumenical_altar_island

Notes
Turn   | Place    | Note
-------+----------+-------------------------------------------
     0 | D:1      | lepoulpe303 the Deep Elf Fire Elementalist began the quest
                  | for the Orb.
     0 | D:1      | Reached XP level 1. HP: 10/10 MP: 6/6
   139 | D:1      | Reached XP level 2. HP: 15/15 MP: 5/8
   361 | D:1      | Identified a +0 mace
   592 | D:1      | Identified a +4 dagger of pain
   596 | D:1      | Identified a +0 club
   896 | D:1      | Reached XP level 3. HP: 12/19 MP: 10/10
   905 | D:1      | Learned a level 3 spell: Conjure Flame
  1024 | D:1      | Reached skill level 2 in Conjurations
  1292 | D:1      | Identified a scroll of enchant weapon
  1293 | D:1      | Identified a scroll of fear
  1339 | D:2      | Identified a +0 club
  1655 | D:2      | HP: 1/19 [howler monkey (7)]
  1661 | D:2      | Slain by a howler monkey

Table legend:
 A = Turns spent in this place as a percentage of turns spent in the entire game.
 B = Non-inter-level travel turns spent in this place as a percentage of non-inter-level travel turns spent in the entire game.
 C = Inter-level travel turns spent in this place as a percentage of turns spent in this place.
 D = Turns resting spent in this place as a percentage of non-inter-level travel turns spent in this place.
 E = Turns spent auto-exploring this place as a percentage of non-inter-level travel turns spent in this place.
 F = Non-inter-level travel turns spent in this place divided by the number of levels of this place that you've seen.
                   A       B       C       D       E      F
               +-------+-------+-------+-------+-------+----------------------
         Total | 100.0 | 100.0 |   2.3 |  51.3 |  30.3 | 811.5
       Dungeon | 100.0 | 100.0 |   2.3 |  51.3 |  30.3 | 811.5
               +-------+-------+-------+-------+-------+----------------------

Table legend:
 A = Kills in this place as a percentage of kills in entire the game.
 B = Kills by you in this place as a percentage of kills by you in the entire game.
 C = Kills by friends in this place as a percentage of kills by friends in the entire game.
 D = Other kills in this place as a percentage of other kills in the entire game.
 E = Experience gained in this place as a percentage of experience gained in the entire game.
 F = Experience gained in this place divided by the number of levels of this place that you have seen.
                   A       B       C       D       E      F
               +-------+-------+-------+-------+-------+----------------------
         Total | 100.0 | 100.0 |   N/A |   N/A | 100.0 |  39.0
       Dungeon | 100.0 | 100.0 |   N/A |   N/A | 100.0 |  39.0
               +-------+-------+-------+-------+-------+----------------------

Skill      XL: |  1  2  3 |
---------------+----------+-----
Conjurations   | 2 |  2.3
Short Blades   | |  0.1
Dodging        | |  2.8
Stealth        | |  2.8
Spellcasting   | |  3.9
Fire Magic     | |  3.7

Action                   || total
-------------------------++-------
Melee: Dagger            ||    31
 Cast: Foxfire           ||    37
  Use: Scroll            ||     2
  Eat: Chunk             ||     2
Armor: Robe              ||     8
Dodge: Dodged            ||    28

Vanquished Creatures
  An adder (D:2)
  An ooze (D:1)
  2 dart slugs (D:1)
  A leopard gecko (D:1)
  A giant cockroach (D:1)
  5 goblins (D:1)
  4 hobgoblins
  7 jackals
  A kobold (D:1)
  3 bats (D:1)
  2 frilled lizards
  6 rats (D:1)
34 creatures vanquished.

Vanquished Creatures (others)
  61 foxfires
61 creatures vanquished.

Grand Total: 95 creatures vanquished
